 Dungeon Crawl Stone Soup version 0.14-a0-226-gcf818b1 (webtiles) character file.

1069 4tharraofdagon the Conjurer (level 8, 4/41 HPs)
             Began as a Tengu Air Elementalist on Oct 10, 2013.
             Quit the game on Level 7 of the Dungeon.
             The game lasted 00:13:56 (2241 turns).

4tharraofdagon the Conjurer (TeAE)                  Turns: 2241, Time: 00:13:57

HP   4/41        AC  3     Str  8      XL: 8   Next: 24%
MP   4/20        EV 12     Int 18      God:
Gold 31          SH  0     Dex 15      Spells:  4 memorised,  5 levels left

Res.Fire  : + . .   See Invis. : +   u - +1,+3 mace (curse)
Res.Cold  : + + .   Warding    : .   s - +1 robe "Stuoggua" {+Rage rC++ SInv Stlth++}
Life Prot.: . . .   Conserve   : .   t - +3 dwarf buckler {rF+}
Res.Poison: .       Res.Corr.  : .   (helmet restricted)
Res.Elec. : .       Clarity    : .   (no cloak)
Sust.Abil.: . .     Spirit.Shd : .   (no gloves)
Res.Mut.  : .       Stasis     : .   (boots unavailable)
Res.Rott. : .       Flight     : .   (no amulet)
Saprovore : . . .                    (no ring)
                                     (no ring)

@: confused, quick, slightly resistant to hostile enchantments, fairly stealthy
A: able to fly, beak, talons 3
a: Fly, Evoke Berserk Rage


You were on level 7 of the Dungeon.
You were very hungry.

You visited 1 branch of the dungeon, and saw 7 of its levels.

You collected 193 gold pieces.
You spent 182 gold pieces at shops.

Inventory:

Hand weapons
 e - a +1,+0 dwarven falchion
 u - a cursed +1,+3 mace (weapon)
Missiles
 m - 3 tomahawks (quivered)
Armour
 a - a +0 robe
 s - the +1 robe "Stuoggua" (worn) {+Rage rC++ SInv Stlth++}
   (You bought it in a shop on level 5 of the Dungeon)

   It greatly protects you from cold.
   It enhances your eyesight.
   It lets you go berserk.
   It makes you much more stealthy.
 t - a +3 dwarven buckler of fire resistance (worn)
Magical devices
 d - a wand of flame (0)
Comestibles
 c - 2 bread rations
 g - 2 meat rations
 n - a royal jelly
Scrolls
 f - 2 scrolls of curse jewellery {unknown}
 h - a scroll of remove curse {unknown}
 i - a scroll of magic mapping {unknown}
 j - a scroll of fear
 k - a scroll of amnesia {unknown}
 l - a scroll of enchant weapon I {unknown}
 r - 3 scrolls of identify
Potions
 p - a potion of might
Books
 b - a book of Air

   Spells                             Type                      Level
   *Shock                             Conjuration/Air              1
   *Swiftness                         Charms/Air                   2
   *Repel Missiles                    Charms/Air                   2
   Flight                             Charms/Air                   3
   Static Discharge                   Conjuration/Air              3
   *Lightning Bolt                    Conjuration/Air              5


   Skills:
 - Level 2.1 Dodging
 - Level 2.0 Stealth
 * Level 1.8 Shields
 + Level 4.1 Spellcasting
 * Level 8.4 Conjurations
 + Level 7.2 Air Magic


You had 5 spell levels left.
You knew the following spells:

 Your Spells              Type           Power        Failure   Level  Hunger
a - Shock                 Conj/Air       ####         1%          1    None
b - Swiftness             Chrm/Air       ###.......   6%          2    ##.....
c - Repel Missiles        Chrm/Air       ###.......   6%          2    ##.....
d - Lightning Bolt        Conj/Air       ####......   21%         5    #####..


Dungeon Overview and Level Annotations

Branches:
Dungeon (7/27)
 Temple: D:4-7          Orc: D:6-11

Altars:

Shops:
D:5 [


Innate Abilities, Weirdness & Mutations

You can fly.
You have a beak for a mouth.
You have claws for feet.


Message History

Your surroundings suddenly seem different.
Found a scroll labeled STOCVY SMIWN.
A hungry ghost comes into view.
Unknown command.
The hungry ghost hits you but does no damage.
You feel yourself speed up.
Casting: Shock
Confirm with . or Enter, or press ? or * to list all spells.
Okay, then.
Casting: Shock
Confirm with . or Enter, or press ? or * to list all spells.
You feel quick. You block the hungry ghost's attack.
Unknown command.
A rat comes into view.
The orc wizard shouts!
The orc wizard gestures at you while chanting.
You are confused.
Drink which item? (? for menu, Esc to quit)
Okay, then.
Are you sure you want to abandon this character and quit the game? (Confirm with "yes".)

.....#............... .......#
.....#............... ......#
.....#.......####### #.....#
.....#.......# #.....#
######.......# #....?# .
.........#. #.....#
...##'####.o.#'############.....#
...+.. #.......................
...# #......@p............... ...
#.r..................... ..
#....#####......######## #...
#......# #.. #......# . #......#
#......# #......# #......


You could see a hungry ghost, an orc wizard (invisible) and a rat (wandering).

Vanquished Creatures
  A hungry ghost (D:7)
  A centaur (D:5)
  An ogre (D:5)
  3 giant frogs
  A wight (D:7)
  A jelly (D:5)
  A centaur skeleton (D:7)
  A hound (D:5)
  An iguana (D:5)
  9 orc wizards
  A scorpion (D:5)
  A worker ant (D:7)
  An ogre skeleton (D:7)
  2 adders
  A worm zombie (D:7)
  A giant gecko (D:5)
  8 orcs
  4 bats
  3 hobgoblins
  2 jackals (D:5)
  A kobold (D:7)
  4 goblins
  3 rats
52 creatures vanquished.

Vanquished Creatures (others)
  An orc wizard (D:4)
1 creature vanquished.

Grand Total: 53 creatures vanquished

Notes
Turn   | Place    | Note
--------------------------------------------------------------
     0 | D:1      | 4tharraofdagon, the Tengu Air Elementalist, began the quest for the Orb.
     0 | D:1      | Reached XP level 1. HP: 10/10 MP: 3/3
   258 | D:3      | Noticed an orc priest
   258 | D:3      | Noticed an orc wizard
   321 | D:4      | Reached XP level 2. HP: 15/15 MP: 1/5
   326 | D:4      | Learned a level 2 spell: Swiftness
   376 | D:4      | Noticed an orc wizard
   377 | D:4      | Noticed an orc wizard
   380 | D:4      | Noticed an orc wizard
   384 | D:4      | Killed an orc wizard
   384 | D:4      | Reached XP level 3. HP: 15/19 MP: 5/7
   390 | D:4      | Killed an orc wizard
   390 | D:4      | Reached XP level 4. HP: 16/24 MP: 5/8
   395 | D:4      | HP: 1/24 [orc wizard/puff of flame (5)]
   396 | D:4      | Killed an orc wizard
   396 | D:4      | Reached skill level 5 in Air Magic
   405 | D:4      | Noticed an orc wizard
   549 | D:4      | Learned a level 2 spell: Repel Missiles
   690 | D:4      | Noticed a phantom
   694 | D:5      | Entered Level 5 of the Dungeon
   710 | D:5      | Reached XP level 5. HP: 10/28 MP: 1/11
   889 | D:5      | Noticed an ogre
   894 | D:5      | Killed an ogre
   894 | D:5      | Reached skill level 5 in Conjurations
   936 | D:5      | Reached XP level 6. HP: 32/32 MP: 8/13
   944 | D:5      | Learned a level 5 spell: Lightning Bolt
   969 | D:5      | Noticed a centaur
   977 | D:5      | Killed a centaur
  1152 | D:5      | Reached skill level 6 in Conjurations
  1265 | D:4      | Noticed a giant frog
  1269 | D:4      | hurdos: if I strated playing today my game will consider in tournament?
  1273 | D:4      | Killed a giant frog
  1273 | D:4      | Reached XP level 7. HP: 18/36 MP: 11/16
  1274 | D:4      | 4tharraofdagon: no
  1274 | D:4      | 4tharraofdagon: that sucks
  1278 | D:4      | hurdos: hm
  1278 | D:4      | 4tharraofdagon: thats why i play trunk
  1280 | D:5      | hurdos: I see
  1280 | D:5      | 4tharraofdagon: youll have to either win or or dead :
  1592 | D:5      | Found Onuast's Antique Armour Emporium.
  1614 | D:5      | Bought a twisted robe for 119 gold pieces
  1642 | D:5      | Identified the +1 robe "Stuoggua" {+Rage rC++ SInv Stlth++} (You bought it in a shop on level 5 of the Dungeon)
  1763 | D:7      | Reached skill level 7 in Conjurations
  1991 | D:7      | Noticed a hungry ghost
  2083 | D:5      | Bought a glowing dwarven buckler for 63 gold pieces
  2144 | D:7      | Killed a hungry ghost
  2144 | D:7      | Reached skill level 1 in Shields
  2144 | D:7      | Reached skill level 8 in Conjurations
  2144 | D:7      | Reached XP level 8. HP: 36/41 MP: 8/19
  2191 | D:7      | Bloax: Well the tournament is coming up very soon.
  2198 | D:7      | Bloax: and yet i still have no idea who to team up with
  2198 | D:7      | Bloax: as always
  2214 | D:7      | 4tharraofdagon: you can join me if you want
  2214 | D:7      | 4tharraofdagon: but i dont promise much success
  2222 | D:7      | HP: 2/41 [orc wizard/magic dart (6)]
  2224 | D:7      | Noticed a hungry ghost
  2241 | D:7      | Quit the game

Action                   |  1- 3 |  4- 6 |  7- 9 || total
-------------------------+-------+-------+-------++-------
Melee: Falchion          |     5 |     1 |    11 ||    17
       Mace              |       |       |     1 ||     1
 Cast: Shock             |    11 |    36 |    91 ||   138
       Repel Missiles    |       |     1 |     1 ||     2
       Swiftness         |       |       |     2 ||     2
       Lightning Bolt    |       |       |     1 ||     1
Evoke: Wand              |     9 |     2 |     1 ||    12
  Use: Scroll            |     2 |       |     5 ||     7
       Potion            |     1 |       |       ||     1
 Stab: Sleeping          |     1 |       |       ||     1
